 Dungeon Crawl Stone Soup version 0.30-a0-341-g682706514a (webtiles) character file.

Game seed: 460191793509083911

39 Decritt the Magician (level 3, 0/27 HPs)
             Began as a Djinni Hedge Wizard on Oct 30, 2022.
             Slain by an adder (3 damage)
             ... on level 2 of the Dungeon on Nov 3, 2022.
             The game lasted 00:07:32 (1269 turns).

Decritt the Magician (Djinni Hedge Wizard)          Turns: 1269, Time: 00:07:33

Health: 0/27       AC:  2    Str:  9    XL:     3   Next: 70%
Gold:   49         EV: 12    Int: 17    God:
                   SH:  0    Dex: 12

rFire   + + .      SeeInvis .    d - +3 whip
rCold   x . .      Faith    .    (no shield)
rNeg    . . .      Spirit   .    b - +0 robe
rPois   ∞          Reflect  .    c - +0 hat
rElec   .          Harm     .    (no cloak)
rCorr   .          Rampage  .    (no gloves)
Will    .....                    (boots unavailable)
Stlth   ++........               (no amulet)
HPRegen 0.24/turn                (no ring)
MPRegen 0.00/turn                (no ring)

@: flying
A: sickness immunity, fire resistance 2, cold vulnerability 1, float, innate
caster, HP casting, extra vitality 1
a: no special abilities


You were on level 2 of the Dungeon.
You visited 1 branch of the dungeon, and saw 2 of its levels.

You collected 49 gold pieces.

Inventory:

Hand Weapons
 a - a +0 dagger
 d - a +3 whip (weapon)
Armour
 b - a +0 robe (worn)
 c - a +0 hat (worn)
Wands
 l - a wand of flame (15)
Scrolls
 e - a scroll of fog {unknown}
 g - a scroll of immolation {unknown}
 i - 4 scrolls of identify {unknown}
 k - a scroll of torment {unknown}
Potions
 f - a potion of heal wounds {unknown}
 h - 2 potions of might {unknown}
 j - a potion of haste {unknown}


   Skills:
 + Level 1.3 Fighting
 - Level 2.5 Dodging
 - Level 1.9 Stealth
 + Level 2.9 Spellcasting


You couldn't memorise any spells.
You knew the following spells:

 Your Spells              Type           Power      Damage    Failure   Level
a - Magic Dart            Conj           48%        1d5       5%          1
b - Slow                  Hex            48%        N/A       5%          1
c - Blink                 Tloc           24%        N/A       8%          2
d - Call Imp              Summ           12%        N/A       8%          2
e - Cigotuvi's Dreadful   Necr/Pois/Air  24%        N/A       8%          2
f - Mephitic Cloud        Conj/Pois/Air  12%        N/A       16%         3
g - Sting                 Tmut/Pois      48%        1d5       5%          1
Your spell library was empty.

Dungeon Overview and Level Annotations

Branches:
Dungeon (2/15)

Altars:

Shops:
D:1 *


Innate Abilities, Weirdness & Mutations

You are immune to sickness and miasma.
You are immune to poison.
Your flesh is very heat resistant. (rF++)
You are vulnerable to cold. (rC-)
You float through the air rather than walking.
You learn spells naturally, not from books.
Your magical power is your life essence.
You have superior vitality. (+4 MHP)


Message History

Aim: a worm (lightly wounded, 100% to hit)
The magic dart hits the worm.
The worm is moderately wounded.
Casting: Magic Dart (safe; 5% risk of failure)
Confirm with . or Enter, or press ? or * to list all spells.
Aiming: Magic Dart (safe; 5% risk of failure)
Press: ? - help, Shift-Dir - straight line, f/p - worm
Aim: a worm (moderately wounded, 100% to hit)
The magic dart hits the worm.
The worm is moderately wounded.
Casting: Magic Dart (safe; 5% risk of failure)
Confirm with . or Enter, or press ? or * to list all spells.
Aiming: Magic Dart (safe; 5% risk of failure)
Press: ? - help, Shift-Dir - straight line, f/p - worm
Aim: a worm (moderately wounded, 100% to hit)
The magic dart hits the worm.
The worm is heavily wounded.
An adder comes into view.
The worm bites you!
Casting: Magic Dart (safe; 5% risk of failure)
Confirm with . or Enter, or press ? or * to list all spells.
Aiming: Magic Dart (safe; 5% risk of failure)
Press: ? - help, Shift-Dir - straight line, f/p - worm
Aim: a worm (heavily wounded, 100% to hit)
The magic dart hits the worm.
The worm is heavily wounded.
The adder hisses angrily.
* * * LOW HITPOINT WARNING * * *
You barely miss the worm.
The worm is heavily wounded.
The worm closely misses you.
You hit the worm but do no damage.
The worm is heavily wounded.
The worm bites you!
* * * LOW HITPOINT WARNING * * *
Okay, then.
A giant cockroach comes into view.
The adder completely misses you. The adder attacks as you move away!
The adder bites you.
You die...

#..# #..^..?..... #..#
...)....... #..# #......
.B. #..# #.#... #.# .
#..# #.##.# #.# .. #>.#
#.##.####.####.#
#..######........S.....#
................@w|....#
#.#####......#########.#
#.####.#.###.#
#.....##.# #.#
#.####.#.###.# #.##
##......# .#.## #.##.###
..# ###.# #.##.# ..#
.#.####.##.# ..#


You could see a worm, an adder and a giant cockroach.

Vanquished Creatures
  An adder (D:2)
  A worm (D:2)
  A dart slug (D:2)
  A ball python (D:1)
  3 bats (D:1)
  2 endoplasms (D:1)
  2 giant cockroaches (D:1)
  5 goblins
  A hobgoblin (D:1)
  4 kobolds (D:1)
  2 frilled lizards
  2 rats (D:1)
25 creatures vanquished.

Notes
Turn   | Place    | Note
-------+----------+-------------------------------------------
     0 | D:1      | Decritt the Djinni Hedge Wizard began the quest for the
                  | Orb.
     0 | D:1      | Decritt set off with the following spells memorised: Magic
                  | Dart, Slow, Blink, Call Imp, Cigotuvi's Dreadful Rot,
                  | Mephitic Cloud.
     0 | D:1      | Reached XP level 1. HP: 15/15 MP: 0/0
   120 | D:1      | Reached XP level 2. HP: 14/21 MP: 0/0
   157 | D:1      | You are sucked into a shaft and drop 1 floor!
   335 | D:1      | Upgraded the game from 0.30-a0-335-ge5acde7520 to
                  | 0.30-a0-341-g682706514a
   567 | D:1      | Reached XP level 3. HP: 26/26 MP: 0/0
   567 | D:1      | Learned a level 1 spell: Sting
   969 | D:1      | Found Mielug's General Store.
  1098 | D:2      | Reached skill level 1 in Fighting
  1269 | D:2      | Slain by an adder

Illustrated notes

Levels and vault maps discovered:
D:1:      scummos_arrival_simple_crosswalls, layout_loops_cross, serial_shops,
          nicolae_lakefront_shop
D:2:      layout_loops_ring, basic_altar, chequers_serial_rivers_room_a

Skill      XL: |  1  2  3 |
---------------+----------+-----
Fighting       | 1 |  1.3
Dodging        | |  2.5
Stealth        | |  1.9
Spellcasting   | |  2.9

Action                   || total
-------------------------++-------
Melee: Whip              ||    28
 Cast: Magic Dart        ||    56
 Stab: Sleeping          ||     1
Armor: Robe              ||     6
Dodge: Dodged            ||    18

Table legend: (Time is in decaauts)
 A = Elapsed time spent in this place.
 B = Non-inter-level travel time spent in this place.
 C = Inter-level travel time spent in this place.
 D = Time resting spent in this place.
 E = Time spent auto-exploring this place.
 F = Levels seen in this place.
 G = Mean time per level.
                   A        B        C        D        E       F      G
               +--------+--------+--------+--------+--------+-----+--------+
         Total |   1271 |   1195 |     76 |    140 |    793 |   2 |  635.5 |
       Dungeon |   1271 |   1195 |     76 |    140 |    793 |   2 |  635.5 |
               +--------+--------+--------+--------+--------+-----+--------+

Top non-repeatable levels by time:
     D:1: 875 daAuts
     D:2: 396 daAuts
